 Dungeon Crawl Stone Soup version 0.16-a0-3134-g9b1347a (webtiles) character file.

143 Kemay the Insei (level 5, -5/33 HPs)
             Began as an Octopode Transmuter on Dec 14, 2014.
             Killed by divine providence
             ... invoked by an orc priest
              (11 damage)
             ... on level 3 of the Dungeon.
             The game lasted 00:09:38 (3046 turns).

Kemay the Insei (Octopode Transmuter)               Turns: 3046, Time: 00:09:39

Health: -5/33      AC:  1    Str: 10    XL:     5   Next: 25%
Magic:  8/9        EV: 11    Int: 16    God:
Gold:   37         SH:  4    Dex: 12    Spells: 2 memorised, 2 levels left

rFire  . . .     SeeInvis .       - Unarmed
rCold  . . .     Clarity  .     h - +1 buckler
rNeg   . . .     SustAb   .     (helmet restricted)
rPois  .         Gourm    .     (no amulet)
rElec  .         Spirit   .     (no ring)
rCorr  .         Warding  .     (no ring)
rMut   .         Stasis   .     (no ring)
MR     .....                    (no ring)
Stlth  ++........               (no ring)
                                (no ring)
                                (no ring)
                                (no ring)

@: appendage (expiring), not resistant to hostile enchantments, unstealthy
A: almost no armour, amphibious, 8 rings, constrict 8, tentacle spike 3,
camouflage 1, gelatinous body 1
a: End Transformation


You were on level 3 of the Dungeon.
You were not hungry.
One of your tentacles had a temporary spike.
You visited 1 branch of the dungeon, and saw 3 of its levels.

You collected 37 gold pieces.

Inventory:

Missiles
 e - 8 tomahawks of returning (quivered)
Armour
 h - a +1 buckler (worn)
Magical devices
 i - a wand of enslavement (16)
Scrolls
 j - 2 scrolls of enchant weapon
 k - 2 scrolls of identify
Potions
 f - 3 potions of curing
Books
 d - a book of Changes

   Spells                             Type                      Level
   a - Beastly Appendage              Transmutation                1
   b - Sticks to Snakes               Transmutation                2
   c - Spider Form                    Transmutation/Poison         3
   d - Ice Form                       Ice/Transmutation            4
   e - Blade Hands                    Transmutation                5
Comestibles
 a - 2 bread rations
 b - a meat ration
 c - 4 chunks of flesh
 g - 3 beef jerkies


   Skills:
 - Level 1.0 Fighting
 - Level 2.0 Dodging
 - Level 1.1 Shields
 + Level 5.6 Unarmed Combat
 - Level 2.0 Spellcasting
 - Level 2.0 Transmutations


You had 2 spell levels left.
You knew the following spells:

 Your Spells              Type           Power        Failure   Level  Hunger
a - Beastly Appendage     Trmt           #.....       10%         1    #......
b - Blade Hands           Trmt           #.........   99%         5    ######.


Dungeon Overview and Level Annotations

Branches:
Dungeon (3/15)

Altars:
Dithmenos

Annotations:
D:2 1 exclusion, Sigmund
D:3 Chonchonts' ghost, weakling MfGl


Innate Abilities, Weirdness & Mutations

You cannot wear most types of armour.
You are amphibious.
You can wear up to eight rings at the same time.
You can use your tentacles to constrict many enemies at once.
Your skin changes colour to match your surroundings (Stealth).
Your rubbery body absorbs attacks (AC +1).
One of your tentacles bears a large vicious spike.


Message History

The goblin barely misses you.
You completely miss the goblin. You grab the goblin.
You pierce the goblin, but do no damage.
The goblin is moderately wounded.
You constrict the goblin. The goblin hits you.
You tentacle-slap the goblin.
You kill the goblin!
The orc priest calls down the wrath of Beogh upon you.
Something smites you!
A goblin comes into view.
You tentacle-slap something.
Your transformation is almost over.
You hear some strange, mumbled words.
The puff of flame hits you!
* * * LOW HITPOINT WARNING * * *
You closely miss something.
You pierce something.
Something hits you but does no damage.
The orc priest invokes the aid of Beogh against you.
Something smites you!
You die...

#...#### ####
#...#.. ...#
#...#.###...#
#...#.#.....###.
#................
#...#.##....####
#................
#.#.#.##.#.#.###
.....#@...#.# #
...#####.#..#.#
##.. #.#..#.# #.
#.#o####.#
#............<#
#..###.#.####[#
...#.#...<# ###
#.#..#.# ..#....#


You could see an orc priest.

Vanquished Creatures
  An orc priest (D:3)
  An orc wizard (D:3)
  3 adders
  2 giant geckos (D:1)
  4 oozes
  An orc (D:3)
  A ball python (D:2)
  2 giant cockroaches
  6 hobgoblins
  2 quokkas (D:2)
  7 bats
  4 giant newts
  11 goblins
  7 kobolds
  7 rats
59 creatures vanquished.

Notes
Turn   | Place    | Note
--------------------------------------------------------------
     0 | D:1      | Kemay, the Octopode Transmuter, began the quest for the Orb.
     0 | D:1      | Reached XP level 1. HP: 13/13 MP: 3/3
   157 | D:1      | Reached XP level 2. HP: 2/18 MP: 2/4
   957 | D:1      | Reached XP level 3. HP: 23/23 MP: 4/6
   974 | D:1      | Reached skill level 1 in Shields
  1173 | D:1      | Reached skill level 4 in Unarmed Combat
  1318 | D:2      | Found a shadowy altar of Dithmenos.
  1319 | D:2      | Noticed Sigmund
  1890 | D:2      | Reached XP level 4. HP: 13/28 MP: 5/7
  2463 | D:3      | Noticed Chonchonts' ghost (weakling MfGl)
  2617 | D:3      | Reached skill level 5 in Unarmed Combat
  2625 | D:3      | Reached XP level 5. HP: 3/33 MP: 6/9
  2981 | D:2      | Learned a level 5 spell: Blade Hands
  3046 | D:3      | Killed from afar by an orc priest

Action                   |  1- 3 |  4- 6 || total
-------------------------+-------+-------++-------
Melee: Unarmed           |   102 |    38 ||   140
 Cast: Beastly Appendage |    28 |    14 ||    42
 Abil: End Transformatio |     6 |     4 ||    10
  Use: Scroll            |     4 |     1 ||     5
 Stab: Sleeping          |     1 |       ||     1
  Eat: Chunk             |     3 |     2 ||     5
       Bread ration      |       |     1 ||     1
